 Dungeon Crawl Stone Soup version 0.25.0-9-g26727b657a (webtiles) character file.

Game seed: 15000548097873960317

49 Elvor the Shield-Bearer (level 3, 0/34 HPs)
             Began as a Deep Dwarf Fighter on June 17, 2020.
             Slain by a gnoll
             ... wielding a +0 spear
              (2 damage)
             ... on level 2 of the Dungeon.
             The game lasted 00:08:50 (991 turns).

Elvor the Shield-Bearer (Deep Dwarf Fighter)         Turns: 991, Time: 00:08:51

Health: 0/34       AC:  6    Str: 20    XL:     3   Next: 53%
Magic:  3/3        EV:  9    Int:  8    God:
Gold:   64         SH:  4    Dex: 12    Spells: 2/2 levels left

rFire    . . .     SeeInvis .   a - +0 war axe
rCold    . . .     Gourm    .   i - +0 buckler (curse)
rNeg     . . .     Faith    .   b - +0 scale mail
rPois    +         Spirit   .   (no helmet)
rElec    .         Reflect  .   (no cloak)
rCorr    .         Harm     .   (no gloves)
MR       .....                  (no boots)
Stlth    ..........             (no amulet)
HPRegen  0.00/turn              l - ring of poison resistance
MPRegen  0.08/turn              (no ring)

@: non-regenerating
A: damage resistance, heal wounds, sense surroundings 1, no regeneration
a: Heal Wounds


You were on level 2 of the Dungeon.
You were not hungry.

You visited 1 branch of the dungeon, and saw 2 of its levels.

You collected 64 gold pieces.

Inventory:

Hand Weapons
 a - a +0 war axe (weapon)
Armour
 b - a +0 scale mail (worn)
 c - a +0 kite shield
 i - a cursed +0 buckler (worn)
Jewellery
 l - a ring of poison resistance (left hand)
Wands
 m - a wand of disintegration (13)
Scrolls
 g - a scroll of identify {unknown}
 h - 2 scrolls of enchant armour {unknown}
 k - a scroll of remove curse {unknown}
Potions
 d - 2 potions of might
 e - a potion of lignification {unknown}
Comestibles
 f - 3 rations
 j - 7 chunks of flesh


   Skills:
 * Level 3.2 Fighting
 + Level 3.0 Axes
 + Level 3.4 Armour
 + Level 0.3 Dodging
 + Level 3.7 Shields


You had 2 spell levels left.
You didn't know any spells.
Your spell library was empty.

Dungeon Overview and Level Annotations

Branches:
Dungeon (2/15)

Altars:


Innate Abilities, Weirdness & Mutations

You are resistant to damage.
You can heal yourself by infusing magical energy.
You passively map a small area around you.
You do not regenerate.


Message History

The gnoll hits you from afar with a +0 spear.
You closely miss the gnoll.
The gnoll hits you with a +0 halberd of protection!
The gnoll closely misses you.
The gnoll hits you with a +0 halberd of protection.
You hit the gnoll but do no damage. You block the gnoll's attack. x2
The gnoll hits you with a +0 spear!
You barely miss the gnoll. You hit the gnoll but do no damage.
You block the gnoll's attack. The gnoll hits you with a +0 spear.
You block the gnoll's attack. The gnoll hits you with a +0 spear.
You hit the gnoll.
The gnoll is heavily wounded.
You hit the gnoll but do no damage. The gnoll hits you with a +0 spear.
* * * LOW HITPOINT WARNING * * *
The gnoll hits you with a +0 halberd of protection!
* * * LOW HITPOINT WARNING * * *
You fail to use your ability.
The gnoll hits you but does no damage. The gnoll closely misses you.
You fail to use your ability.
The gnoll hits you with a +0 spear.
You die...

############ **
#.........)#
#.########)# ,
#.##.>...g@# , ##
#.#.......g# * .#
#.#........# .#
#.#........# ,,
.######.#.##'###.#
*
†).........#.,,...
, ...........# ###
.............. ,
...........###*


You could see 2 gnolls.

Vanquished Creatures
  2 gnolls (D:2)
  A leopard gecko (D:2)
  An orc (D:2)
  2 bats
  6 giant cockroaches
  6 hobgoblins
  4 jackals (D:2)
  2 frilled lizards
24 creatures vanquished.

Notes
Turn   | Place    | Note
-------+----------+-------------------------------------------
     0 | D:1      | Elvor the Deep Dwarf Fighter began the quest for the Orb.
     0 | D:1      | Reached XP level 1. HP: 20/20 MP: 1/1
   384 | D:1      | Reached XP level 2. HP: 27/27 MP: 2/2
   936 | D:2      | Reached XP level 3. HP: 34/34 MP: 3/3
   991 | D:2      | Slain by a gnoll

Illustrated notes

Levels and vault maps discovered:
D:1:      elethiomel_arrival_quiet, layout_basic
D:2:      layout_basic, first_ration, chequers_ecumenical_altar_simple,
          minmay_misc_feat_encased

Skill      XL: |  1  2  3 |
---------------+----------+-----
Fighting       | 3 |  3.2
Axes           | 3 |  3.0
Armour         | |  3.4
Dodging        | |  0.3
Shields        | |  3.7

Action                   || total
-------------------------++-------
Melee: War axe           ||    66
 Abil: Heal Wounds       ||     1
Armor: Scale mail        ||    39
Dodge: Dodged            ||    36
Block: Buckler           ||    20
       Kite shield       ||     2
